 Dungeon Crawl Stone Soup version 0.26-a0-660-gc07710193c (webtiles) character file.

Game seed: 15859761751217933831

86 smeego the Shield-Bearer (level 4, 0/46 HPs)
             Began as an Octopode Fighter on Oct 7, 2020.
             Slain by a gnoll
             ... wielding a +0 spear
              (4 damage)
             ... on level 2 of the Dungeon.
             The game lasted 00:01:01 (965 turns).

smeego the Shield-Bearer (Octopode Fighter)          Turns: 965, Time: 00:01:02

Health: 0/46       AC:  1    Str: 15    XL:     4   Next: 49%
Magic:  4/4        EV: 11    Int: 11    God:
Gold:   32         SH:  8    Dex: 11    Spells: 3/3 levels left

rFire    . . .     SeeInvis .   a - +0 long sword
rCold    . . .     Faith    .   b - +0 kite shield
rNeg     . . .     Spirit   .   (helmet restricted)
rPois    .         Reflect  .   (no amulet)
rElec    .         Harm     .   (no ring)
rCorr    .         Rampage  .   (no ring)
MR       .....                  (no ring)
Stlth    ..........             (no ring)
HPRegen  0.15/turn              (no ring)
MPRegen  0.09/turn              (no ring)
                                (no ring)
                                (no ring)

@: berserking (expiring), lethally poisoned (0 -> 0), very quick
A: almost no armour, stealthy swim, amphibious, 8 rings, constrict 8, camouflage
1, gelatinous body 1
a: no special abilities


You were on level 2 of the Dungeon.
You visited 1 branch of the dungeon, and saw 2 of its levels.

You collected 32 gold pieces.

Inventory:

Hand Weapons
 a - a +0 long sword (weapon)
Missiles
 h - a throwing net (quivered)
Armour
 b - a +0 kite shield (worn)
Scrolls
 d - a scroll of blinking {unknown}
 f - a scroll of random uselessness {unknown}
 g - a scroll of amnesia {unknown}
 i - a scroll of magic mapping {unknown}
 j - 4 scrolls of identify {unknown}
 l - a scroll of enchant armour {unknown}
Potions
 c - a potion of might
 k - a potion of invisibility {unknown}


   Skills:
 + Level 3.2 Fighting
 * Level 2.8 Long Blades
 + Level 1.1 Throwing
 + Level 3.3 Dodging
 + Level 1.8 Stealth
 + Level 3.3 Shields
 + Level 1.0 Unarmed Combat


You had 3 spell levels left.
You didn't know any spells.
Your spell library was empty.

Dungeon Overview and Level Annotations

Branches:
Dungeon (2/15)

Altars:


Innate Abilities, Weirdness & Mutations

You cannot wear most types of armour.
You are very stealthy in the water. (Stealth+)
You are amphibious.
You can wear up to eight rings at the same time.
You can use your tentacles to constrict eight enemies at once.
Your skin changes colour to match your surroundings (Stealth+).
Your rubbery body absorbs attacks. (AC +1, EV +1)


Message History

Your Unarmed Combat skill increases to level 1!
A gnoll comes into view. It is wielding a +0 spear.
The gnoll shouts! x2
The gnoll hits you with a +0 spear.
* * * LOW HITPOINT WARNING * * *
You see here a +0 spear.
You hit the gnoll. You grab the gnoll. You squeeze the gnoll.
The gnoll is heavily wounded.
You constrict the gnoll. You slice the gnoll!!
You kill the gnoll!
The gnoll throws a throwing net.
You block the throwing net.
You feel sick. The gnoll completely misses you. The gnoll barely misses you.
Things that are here:
a +0 spear; a metallic dark potion You completely miss the gnoll.
Your grab misses the gnoll. You squeeze the gnoll.
The gnoll is moderately wounded.
The gnoll hits you from afar with a +0 spear.
You die...

#...... #..##.# # #..#
####..##.## .# #...
..##..#...###..# #..#
#.##..#......... #..#
#.##..#.....#..# #..#
#.##..##.g.....#
#..#####.##.†#....[..##
#)...........(@g.....#
#..#####.............#
#....†......[#......##
#†#######..#.........#
##.## ##>............
#.<.# ######.####.##
#.#.....(. .# .. #.
.###### ## ## ##


You could see 2 gnolls.

Vanquished Creatures
  Natasha (D:2)
  2 gnolls (D:2)
  An adder (D:2)
  4 dart slugs (D:1)
  2 giant cockroaches (D:1)
  3 goblins
  4 hobgoblins (D:1)
  2 frilled lizards (D:1)
  4 kobolds
  4 rats
27 creatures vanquished.

Notes
Turn   | Place    | Note
-------+----------+-------------------------------------------
     0 | D:1      | smeego the Octopode Fighter began the quest for the Orb.
     0 | D:1      | Reached XP level 1. HP: 16/16 MP: 1/1
   119 | D:1      | Reached XP level 2. HP: 21/21 MP: 2/2
   553 | D:1      | Reached skill level 1 in Stealth
   568 | D:1      | Reached XP level 3. HP: 12/26 MP: 3/3
   945 | D:2      | Noticed Natasha
   957 | D:2      | Killed Natasha
   957 | D:2      | Reached skill level 1 in Throwing
   957 | D:2      | Reached XP level 4. HP: 13/31 MP: 4/4
   960 | D:2      | Reached skill level 1 in Unarmed Combat
   965 | D:2      | Slain by a gnoll

Illustrated notes

Levels and vault maps discovered:
D:1:      roderic_crossed_star, layout_loops_ring
D:2:      layout_loops_ring, lemuel_coloured_pillars_altar,
          hangedman_ru_absence, chequers_ecumenical_altar_lobes, uniq_natasha,
          uniq_sigmund

Skill      XL: |  1  2  3  4 |
---------------+-------------+-----
Stealth        | 1 |  1.8
Throwing       | 1 |  1.1
Unarmed Combat | 1 |  1.0
Fighting       | |  3.2
Long Blades    | |  2.8
Dodging        | |  3.3
Shields        | |  3.3

Action                   |  1- 3 |  4- 6 || total
-------------------------+-------+-------++-------
Melee: Long sword        |    36 |     5 ||    41
       Constrict         |    13 |     2 ||    15
       Tentacles         |     9 |     3 ||    12
  Use: Potion            |     1 |       ||     1
 Stab: Sleeping          |     6 |       ||     6
Armor: Skin              |     1 |       ||     1
Dodge: Dodged            |     9 |     3 ||    12
Block: Kite shield       |    17 |     2 ||    19
       Rpst.: Long sword |     5 |       ||     5

Table legend: (Time is in decaauts)
 A = Elapsed time spent in this place.
 B = Non-inter-level travel time spent in this place.
 C = Inter-level travel time spent in this place.
 D = Time resting spent in this place.
 E = Time spent auto-exploring this place.
 F = Levels seen in this place.
 G = Mean time per level.
                   A        B        C        D        E       F      G
               +--------+--------+--------+--------+--------+-----+--------+
         Total |    976 |    957 |     19 |     57 |    728 |   2 |  488.0 |
       Dungeon |    976 |    957 |     19 |     57 |    728 |   2 |  488.0 |
               +--------+--------+--------+--------+--------+-----+--------+

Top non-repeatable levels by time:
     D:1: 903 daAuts
     D:2: 73 daAuts
